 Dungeon Crawl Stone Soup version 0.31-a0-1098-g6898e6545c (webtiles) character file.

Game seed: 16057231517519897967

123 Azuregosa the Firebug (level 4, -3/38 HPs)
             Began as a Draconian Cinder Acolyte on Nov 30, 2023.
             Was a High Priest of Ignis.
             Killed from afar by an orc wizard (4 damage)
             ... with a puff of flame
             ... on level 4 of the Dungeon.
             The game lasted 00:07:17 (2274 turns).

Azuregosa the Firebug (Draconian Cinder Acolyte)    Turns: 2274, Time: 00:07:18

Health: -3/38      AC:  6    Str: 23    XL:     4   Next: 80%
Magic:  8/8        EV: 11    Int: 16    God:    Ignis [*****.]
Gold:   59         SH:  0    Dex:  6    Spells: 9/9 levels left

rFire   + . .        c - +0 trident
rCold   . . .        (no shield)
rNeg    . . .        (body armour unavailable)
rPois   .            (helmet restricted)
rElec   .            (no cloak)
rCorr   .            y - +0 pair of gloves
SInv    .            (no boots)
Will    .....        (no amulet)
Stlth   +            d - +6 ring of strength
HPRegen 0.26/turn    (no ring)
MPRegen 0.11/turn

%: no passive effects
@: no status effects
A: AC +5, unfitting armour, cold-blooded
a: Renounce Religion, Fiery Armour, Foxfire Swarm, Rising Flame


You were on level 4 of the Dungeon.
You worshipped Ignis.
Ignis was extremely pleased with you.
You visited 1 branch of the dungeon, and saw 4 of its levels.

You collected 114 gold pieces.
You spent 55 gold pieces at shops.

Inventory:

Hand Weapons
 a - a -1 short sword of flaming
 c - a +0 trident (weapon)
 i - a +1 dagger of speed
 w - a +0 mace of holy wrath
Missiles
 h - 35 stones
Armour
 y - a +0 pair of gloves (worn)
Jewellery
 d - a +6 ring of strength (left hand)
Talismans
 k - a beast talisman
 l - a flux talisman
 z - a beast talisman
Wands
 t - a wand of iceblast (8)
Scrolls
 e - 5 scrolls of identify {unknown}
 f - 2 scrolls of noise {unknown}
 g - 2 scrolls of teleportation {unknown}
 j - a scroll of fog {unknown}
 m - 3 scrolls of blinking {unknown}
 n - a scroll of fear {unknown}
 o - a scroll of vulnerability {unknown}
 p - 3 scrolls of enchant armour {unknown}
 v - a scroll of revelation {unknown}
 x - a scroll of silence {unknown}
Potions
 b - 2 potions of degeneration {unknown}
 q - 2 potions of lignification {unknown}
 r - 2 potions of berserk rage {unknown}
 s - a potion of heal wounds
 u - 3 potions of curing {unknown}


   Skills:
 - Level 3.2 Fighting
 - Level 3.0 Short Blades
 + Level 3.1 Spellcasting
 + Level 4.4 Fire Magic


You had 9 spell levels left.
You didn't know any spells.
Your spell library contained the following spells:

 Spells                   Type           Power      Damage    Failure   Level
 Scorch                   Fire           32%        2d6       4%          2


Dungeon Overview and Level Annotations

Branches:
Dungeon (4/15)
 Temple: D:4-7

Altars:
Hepliaklqana
Nemelex Xobeh
Ru
Vehumet

Shops:
D:2 !


Innate Abilities, Weirdness & Mutations

Your plain brown scales are hard. (AC +5)
You cannot fit into any form of body armour.
You are cold-blooded and may be slowed by cold attacks.


Message History

You puncture something! Something hits you but does no damage.
You closely miss something. Something hits you.
You hear some strange, mumbled words.
You are confused.
You bump into the rock wall.
Something hits you but does no damage.
You closely miss something. Something hits you but does no damage.
You bump into the rock wall.
Something hits you.
* * * LOW HITPOINT WARNING * * *
You barely miss something.
Your tail-slap misses something.
Something hits you but does no damage.
You bump into the rock wall.
You feel less confused.
You hear some strange, mumbled words.
You are confused.
You completely miss something.
You hear some strange, mumbled words.
A puff of flame appears from out of thin air!
The puff of flame hits you. You resist.
* * * LOW HITPOINT WARNING * * *
You closely miss something. Something hits you.
* * * LOW HITPOINT WARNING * * *
Something hits you but does no damage.
You bump into the rock wall.
Something hits you.
* * * LOW HITPOINT WARNING * * *
You bump into the rock wall.
Something hits you.
* * * LOW HITPOINT WARNING * * *
You completely miss something.
Your tail-slap misses something.
Something hits you but does no damage.
You bump into the rock wall.
Something hits you but does no damage.
You bump into the rock wall.
You feel less confused.
You hear some strange, mumbled words.
A magic dart appears from out of thin air!
The magic dart hits you.
* * * LOW HITPOINT WARNING * * *
You closely miss something.
You hear some strange, mumbled words.
A puff of flame appears from out of thin air!
The puff of flame hits you. You resist.
You die...

.##########
.....o{@..#
.########.#
#.# #.# #.#
### #.# ..#
#.# #.# #.#
#.# #.#


You could see an orc.

Vanquished Creatures
  A hound (D:4)
  2 adders
  A worm (D:4)
  3 dart slugs
  2 orcs
  9 endoplasms
  5 giant cockroaches
  5 goblins
  A hobgoblin (D:1)
  A jackal (D:1)
  9 kobolds
  2 quokkas
  5 ball pythons
  6 bats
  6 frilled lizards
  7 rats
65 creatures vanquished.

Notes
Turn   | Place    | Note
-------+----------+-------------------------------------------
     0 | D:1      | Azuregosa the Draconian Cinder Acolyte began the quest for
                  | the Orb.
     0 | D:1      | Reached XP level 1. HP: 19/19 MP: 2/2
   271 | D:1      | Reached XP level 2. HP: 24/26 MP: 2/4
   647 | D:1      | Reached XP level 3. HP: 28/31 MP: 6/6
  1283 | D:2      | Reached skill level 4 in Fire Magic
  1326 | D:2      | Found Ewaur's Distillery.
  1333 | D:2      | Bought a potion of heal wounds for 55 gold pieces
  1489 | D:3      | Found a sparkling altar of Nemelex Xobeh.
  1582 | D:3      | Reached XP level 4. HP: 37/38 MP: 7/7
  1730 | D:3      | Identified the +3 leather armour of the Nine Quests {Int+3}
  1986 | D:3      | Found a radiant altar of Vehumet.
  2032 | D:3      | Found a hazy altar of Hepliaklqana.
  2032 | D:3      | Found a sacrificial altar of Ru.
  2273 | D:4      | HP: 1/38 [something/magic dart (5)]
  2274 | D:4      | Killed from afar by an orc wizard

Illustrated notes

Levels and vault maps discovered:
D:1:      matt_arrival_refuge, layout_loops_ring, st_stairs_13,
          chequers_serial_rivers_small_a, minmay_vboxes
D:2:      layout_rooms, serial_shops, shop
D:3:      layout_rooms, nemelex_dance_club_becter, nicolae_vehumet_altar_sigil,
          minitemple, st_stairs_11, minmay_misc_feat_more_columns
D:4:      layout_loops_ring, abandoned_shop

Skill      XL: |  1  2  3  4 |
---------------+-------------+-----
Spellcasting   | 2 3 |  3.1
Fire Magic     | 4 |  4.4
Fighting       | |  3.2
Short Blades   | |  3.0

Action                     |  1- 3 |  4- 6 || total
---------------------------+-------+-------++-------
  Melee: Trident           |   156 |   103 ||   259
         Tailslap          |     8 |    10 ||    18
         Punch             |       |     3 ||     3
 Armour: Skin              |    96 |    86 ||   182
  Dodge: Dodged            |   127 |    56 ||   183

Table legend: (Time is in decaauts)
 A = Elapsed time spent in this place.
 B = Non-inter-level travel time spent in this place.
 C = Inter-level travel time spent in this place.
 D = Time resting spent in this place.
 E = Time spent auto-exploring this place.
 F = Levels seen in this place.
 G = Mean time per level.
                   A        B        C        D        E       F      G
               +--------+--------+--------+--------+--------+-----+--------+
         Total |   2361 |   2275 |     86 |     23 |   1447 |   4 |  590.2 |
       Dungeon |   2361 |   2275 |     86 |     23 |   1447 |   4 |  590.2 |
               +--------+--------+--------+--------+--------+-----+--------+

Top non-repeatable levels by time:
     D:1: 945 daAuts
     D:3: 692 daAuts
     D:2: 524 daAuts
     D:4: 199 daAuts
